 Dungeon Crawl Stone Soup version 0.31-a0-152-g6aa68a64a1 (webtiles) character file.

Game seed: 15177572090020766464

551 qw the Chopper (level 7, -2/43 HPs)
             Began as a Gargoyle Fighter on June 11, 2023.
             Slain by a gnoll
             ... wielding a +0 halberd
              (7 damage)
             ... on level 5 of the Dungeon.
             The game lasted 00:01:52 (3321 turns).

qw the Chopper (Gargoyle Fighter)                   Turns: 3321, Time: 00:01:53

Health: -2/43      AC: 16    Str: 22    XL:     7   Next: 29%
Magic:  0/7        EV:  5    Int:  8    God:
Gold:   202        SH:  8    Dex:  9    Spells: 6/6 levels left

rFire   + . .        Y - +1 war axe
rCold   + . .        o - +0 kite shield
rNeg    + . .        f - +0 plate armour
rPois   inf          (no helmet)
rElec   +            (no cloak)
rCorr   .            (no gloves)
SInv    .            (no boots)
Will    .....        m - amulet of guardian spirit Stlth
                     k - ring of protection from fire
HPRegen 0.27/turn    e - ring of protection from cold
MPRegen 0.10/turn

%: guardian spirit
@: no status effects
A: sickness immunity, AC +4, negative energy resistance 1, electricity
resistance, torment resistance 1, petrification resistance
a: no special abilities


You were on level 5 of the Dungeon.
You visited 1 branch of the dungeon, and saw 5 of its levels.

You collected 202 gold pieces.


Innate Abilities, Weirdness & Mutations

You are immune to sickness and miasma.
Your stone body is resilient. (AC +4)
You are immune to poison.
You resist negative energy. (rN+)
You are resistant to electric shocks. (rElec)
You are resistant to unholy torment.
You are immune to petrification.


   Skills:
 - Level 4.0 Fighting
 - Level 6.0 Axes
 - Level 3.2 Armour
 - Level 0.2 Dodging
 + Level 4.8 Shields


You had 6 spell levels left.
You didn't know any spells.
Your spell library was empty.

Inventory:

Hand Weapons
 b - a +0 flail
 Y - a +1 war axe (weapon)
Armour
 f - a +0 plate armour (worn)
 o - a +0 kite shield (worn)
Jewellery
 e - a ring of protection from cold (right hand)
 k - a ring of protection from fire (left hand)
 m - an amulet of guardian spirit (around neck)
Scrolls
 h - a scroll of poison {unknown}
 j - 2 scrolls of identify
Potions
 a - a potion of cancellation
 c - a potion of haste
 d - 2 potions of might
 g - a potion of curing

Dungeon Overview and Level Annotations

Branches:
Dungeon (5/15)
 Temple: D:4-7

Altars:
Nemelex Xobeh

Annotations:
D:1 exclusion: hobgoblin


Message History

The iguana is almost dead.
The gnoll hits you but does no damage. The iguana bites you!
The gnoll hits you but does no damage.
You barely miss the iguana.
The iguana is almost dead.
The gnoll hits you from afar with a +0 halberd.
The gnoll hits you but does no damage. The iguana bites you. x2
The gnoll hits you from afar with a +0 halberd.
The gnoll closely misses you.
You barely miss the iguana.
The iguana is almost dead.
You block the gnoll's attack. The iguana bites you.
The gnoll hits you from afar with a +0 halberd.
You barely miss the iguana.
The iguana is almost dead.
The gnoll hits you but does no damage. You block the iguana's attack.
The gnoll hits you from afar with a +0 halberd.
You barely miss the iguana.
The iguana is almost dead.
The gnoll hits you but does no damage. x2
The iguana bites you but does no damage.
The iguana bites you! The gnoll barely misses you.
The gnoll hits you from afar with a +0 halberd.
You hit the iguana.
You kill the iguana!
You block the gnoll's attack. The gnoll barely misses you.
You block the gnoll's attack.
You barely miss the gnoll. x2; You slash the gnoll!
The gnoll hits you with a +0 spear. The gnoll hits you with a +0 halberd.
The gnoll hits you but does no damage.
You hit the gnoll but do no damage.
The gnoll is severely wounded.
You hit the gnoll. You slash the gnoll!
The gnoll hits you but does no damage. x2; The gnoll barely misses you.
You block the gnoll's attack.
The gnoll hits you but does no damage. x2
You barely miss the gnoll.
The gnoll is severely wounded.
You closely miss the gnoll. x2
The gnoll hits you with a +0 halberd!
You die...

.######.# ......#.#
##....#.#..####
........#..)..
....?...#....
.......g#..#
......gg#..#######..#
#@g..##.......#
#.#..##.......#
#....##.¤~~~~.#
#....##.¤¤....#
#.#..##¤.¤._..#
#........~...%####
#+#.#...............
..............#..###.
..............#.## #.


You could see 4 gnolls.

Vanquished Creatures
  Grinder (D:3)
  A hound (D:3)
  5 iguanas
  An orc wizard (D:3)
  9 adders
  A white imp (D:5)
  A worm (D:2)
  2 dart slugs
  5 orcs
  10 ball pythons
  4 endoplasms
  8 giant cockroaches
  6 hobgoblins
  8 jackals
  3 quokkas
  4 bats (D:3)
  A frilled lizard (D:2)
  3 goblins
  4 kobolds
  7 rats
84 creatures vanquished.

Notes
Turn   | Place    | Note
-------+----------+-------------------------------------------
     0 | D:1      | qw the Gargoyle Fighter began the quest for the Orb.
     0 | D:1      | Reached XP level 1. HP: 14/14 MP: 1/1
     0 | D:1      | 0 ||| qw: Version: 0.2-a-29-gdad1ea2
     0 | D:1      | 0 ||| qw: Game counter: 4054
     0 | D:1      | 0 ||| qw: Always use a shield: true
     0 | D:1      | 0 ||| qw: God list: Okawaru
     0 | D:1      | 0 ||| qw: Allow faded altars: false
     0 | D:1      | 0 ||| qw: Do Orc after D:15 true
     0 | D:1      | 0 ||| qw: Do second Lair branch before Depths: true
     0 | D:1      | 0 ||| qw: Lair rune preference: random
     0 | D:1      | 0 ||| qw: Plans: Normal, Zot:1-4, Slime:5, God:TSO, Crypt,
                  | Tomb, Abyss, Pan, Hells, Win
     0 | D:1      | 0 ||| PLANNING D:1-11
   125 | D:1      | Reached skill level 2 in Axes
   212 | D:1      | Reached XP level 2. HP: 19/19 MP: 2/2
   549 | D:1      | 549 ||| Stepping ~*~*~tactically~*~*~ (stealth).
   550 | D:1      | 550 ||| Stepping ~*~*~tactically~*~*~ (stealth).
   631 | D:1      | Reached skill level 3 in Axes
   749 | D:1      | 749 ||| DROPPING +2 ring mail of poison resistance.
   750 | D:1      | 750 ||| UPGRADING to ring of protection from fire.
   751 | D:1      | 751 ||| READING scroll labelled PUUKAI WA TAE.
   752 | D:1      | 752 ||| READING scroll labelled JUGHYR NIMP.
   753 | D:1      | 753 ||| READING 3 scrolls labelled GYOXIEX BOGH.
   754 | D:1      | 754 ||| READING 2 scrolls of identify.
   754 | D:1      | 754 ||| IDENTIFYING glowing golden potion
   755 | D:1      | 755 ||| DROPPING potion of brilliance.
   864 | D:2      | Reached XP level 3. HP: 23/23 MP: 3/3
  1021 | D:2      | Found a faded altar of an unknown god.
  1489 | D:2      | Reached XP level 4. HP: 28/28 MP: 4/4
  1496 | D:2      | 1496 ||| UPGRADING to ring of protection from cold.
  1497 | D:2      | 1497 ||| READING scroll labelled ZOLUSEA WADWYA.
  1498 | D:2      | 1498 ||| READING scroll labelled XINNYI IWOWN.
  1515 | D:3      | 1515 ||| Stepping ~*~*~tactically~*~*~ (stealth).
  1524 | D:3      | Reached skill level 4 in Axes
  1537 | D:3      | 1537 ||| Stepping ~*~*~tactically~*~*~ (stealth).
  1545 | D:3      | Reached XP level 5. HP: 20/32 MP: 5/5
  1572 | D:3      | 1572 ||| FLEEEEING.
  1573 | D:3      | 1573 ||| STAIRDANCE
  1603 | D:3      | 1603 ||| Stepping ~*~*~tactically~*~*~ (stealth).
  1730 | D:3      | Noticed Grinder
  1737 | D:3      | Paralysed by Grinder for 4 turns
  1743 | D:3      | Killed Grinder
  1744 | D:3      | Reached skill level 6 in Axes
  1744 | D:3      | Reached XP level 6. HP: 24/37 MP: 6/6
  2092 | D:3      | 2092 ||| Stepping ~*~*~tactically~*~*~ (stealth).
  2094 | D:3      | 2094 ||| Stepping ~*~*~tactically~*~*~ (hiding).
  2455 | D:3      | 2455 ||| UPGRADING to +0 kite shield.
  2465 | D:3      | 2465 ||| DROPPING +0 buckler.
  2466 | D:3      | 2466 ||| UPGRADING to amulet of guardian spirit.
  2471 | D:3      | 2471 ||| READING scroll labelled ITRUVOOGOIK.
  2472 | D:3      | 2472 ||| READING scroll labelled ALAMMAGGEF.
  2473 | D:3      | 2473 ||| READING scroll labelled HUBEFA MUNLOIBB.
  2474 | D:3      | 2474 ||| READING scroll labelled GIEZAT PEXOIRE.
  2475 | D:3      | 2475 ||| DRINKING 2 bubbling red potions.
  2476 | D:3      | 2476 ||| READING 2 scrolls of identify.
  2476 | D:3      | 2476 ||| IDENTIFYING fuming inky potion
  2563 | D:4      | 2563 ||| Stepping ~*~*~tactically~*~*~ (stealth).
  2581 | D:4      | Reached XP level 7. HP: 34/43 MP: 4/7
  2756 | D:4      | 2756 ||| Stepping ~*~*~tactically~*~*~ (stealth).
  2872 | D:4      | 2872 ||| Stepping ~*~*~tactically~*~*~ (hiding).
  3213 | D:4      | 3213 ||| UPGRADING to +0 plate armour.
  3223 | D:4      | 3223 ||| DROPPING +0 scale mail.
  3224 | D:4      | 3224 ||| READING scroll labelled DUMAID KEUNG.
  3229 | D:4      | 3229 ||| DRINKING 2 inky potions.
  3238 | D:5      | Entered Level 5 of the Dungeon
  3252 | D:5      | 3252 ||| DROPPING +0 mace.
  3254 | D:5      | Found a sparkling altar of Nemelex Xobeh.
  3305 | D:5      | 3305 ||| Stepping ~*~*~tactically~*~*~ (hiding).
  3316 | D:5      | HP: 10/43 [gnoll/+0 halberd (2)]
  3319 | D:5      | HP: 4/43 [gnoll/+0 halberd (4)]
  3321 | D:5      | Slain by a gnoll

Levels and vault maps discovered:
D:1:      dpeg_arrival_castle, layout_basic
D:2:      layout_basic, hellmonk_ecumenical_altar_crossroads
D:3:      layout_basic, hangedman_abyss_or_decor_stabs, uniq_grinder
D:4:      layout_basic
D:5:      layout_basic, mainiacjoe_overflow_chevrons,
          gammafunk_temple_overflow_wave, skrybe_limestone_x, corner_web_ring,
          uniq_pikel, uniq_menkaure, uniq_crazy_yiuf_cottage

Skill      XL: |  1  2  3  4  5  6  7 |
---------------+----------------------+-----
Axes           | 2 3 4 6 |  6.0
Fighting       | 4 |  4.0
Shields        | 4 |  4.8
Armour         | |  3.2
Dodging        | |  0.2

Action                     |  1- 3 |  4- 6 |  7- 9 || total
---------------------------+-------+-------+-------++-------
  Melee: War axe           |   116 |   130 |    54 ||   300
    Use: Scroll            |     4 |     7 |     1 ||    12
         Potion            |       |     1 |     1 ||     2
 Armour: Scale mail        |    55 |    77 |    11 ||   143
         Plate armour      |       |       |    22 ||    22
  Dodge: Dodged            |    42 |    48 |    18 ||   108
  Block: Buckler           |    24 |    18 |       ||    42
         Kite shield       |       |    20 |    19 ||    39

Table legend:
 A = Non-vault XP
 B = Vault XP
 C = Vault XP percentage of total XP
 D = Non-vault monster count
 E = Vault monster count
 F = Vault count percentage of total count
                 A         B        C        D         E       F
            +---------+---------+-------+---------+---------+-------
      Total |     511 |     277 |  35.2 |      83 |       1 |   1.2
            +---------+---------+-------+---------+---------+-------
        D:1 |      32 |       0 |   0.0 |      16 |       0 |   0.0
        D:2 |      57 |       0 |   0.0 |      13 |       0 |   0.0
        D:3 |     196 |     277 |  58.6 |      31 |       1 |   3.1
        D:4 |     139 |       0 |   0.0 |      19 |       0 |   0.0
        D:5 |      87 |       0 |   0.0 |       4 |       0 |   0.0
            +---------+---------+-------+---------+---------+-------
